 Dungeon Crawl Stone Soup version 0.20.1-1-g8b1a95d (webtiles) character file.

183 tmwrnj the Chopper (level 5, -5/46 HPs)
             Began as a Hill Orc Fighter on Oct 4, 2017.
             Killed by nerve-wracking pain
             ... invoked by Grinder
              (13 damage)
             ... on level 3 of the Dungeon.
             The game lasted 00:07:21 (2779 turns).

tmwrnj the Chopper (Hill Orc Fighter)               Turns: 2779, Time: 00:07:21

Health: -5/46      AC:  8    Str: 20    XL:     5   Next: 62%
Magic:  0/5        EV:  7    Int:  8    God:
Gold:   161        SH: 11    Dex: 10    Spells: 4/4 levels left

rFire    + . .     SeeInvis .   a - +0 war axe
rCold    x . .     Gourm    .   o - +2 shield
rNeg     . . .     Faith    .   b - +0 scale mail
rPois    .         Spirit   +   (no helmet)
rElec    .         Reflect  .   (no cloak)
rCorr    .         Harm     .   x - +0 pair of gloves
MR       .....                  (no boots)
Stlth    ..........             h - amulet of guardian spirit
Regen    0.2/turn               s - ring of fire
MPRegen  0.1/turn               (no ring)

@: no status effects
A: no striking features
a: no special abilities


You were on level 3 of the Dungeon.
You were hungry.

You visited 1 branch of the dungeon, and saw 4 of its levels.

You collected 161 gold pieces.

Inventory:

Hand Weapons
 a - a +0 war axe (weapon)
Armour
 b - a +0 scale mail (worn)
 c - a +0 shield
 o - a +2 shield (worn)
 x - a +0 pair of gloves (worn)
Jewellery
 h - an amulet of guardian spirit (around neck)
 s - a ring of fire (left hand)
Wands
 m - a wand of lightning (8/15)
 y - a wand of iceblast (10/15)
Scrolls
 e - a scroll of recharging
 j - a scroll of noise
 n - 3 scrolls of remove curse {unknown}
 p - a scroll of enchant weapon {unknown}
 q - a scroll of teleportation {unknown}
 t - a scroll of magic mapping {unknown}
 w - a scroll of immolation {unknown}
Potions
 d - 2 potions of might
 k - a potion of curing {unknown}
 r - a potion of haste {unknown}
 u - a potion of invisibility {unknown}
Comestibles
 f - 5 bread rations
 g - 2 meat rations
 i - 4 fruits
 l - a royal jelly


   Skills:
 + Level 4.2 Fighting
 + Level 5.0 Axes
 + Level 4.3 Armour
 + Level 1.0 Dodging
 + Level 4.0 Shields


You had 4 spell levels left.
You didn't know any spells.

Dungeon Overview and Level Annotations

Branches:
Dungeon (4/15)             Temple (0/1) D:4

Altars:
Sif Muna

Annotations:
D:3 Grinder
D:4 Sigmund


Message History

Grinder is lightly wounded.
Grinder gestures at you.
You suddenly lose the ability to move!
Grinder gestures at you.
You shrug off the repeated paralysis!
Grinder gestures at you. Pain shoots through your body! Grinder hits you.
You writhe in agony.
You can move again.
You closely miss Grinder.
Grinder is lightly wounded.
Grinder hits you.
You writhe in agony.
You are feeling hungry.
Grinder gestures at you. Pain shoots through your body!
* * * LOW HITPOINT WARNING * * *
You see here an adder skeleton.
Grinder gestures at you. Pain shoots through your body!
You die...

...#.#...#.#.... ..
..#...#.#...#... .#
### ................
.# ...
....####.##.##.# ##
### ..#. ###.# ... #
#.#.##...#####.
#............#
#...##>#####.# #.. #@#
#.# #. #.# #.# #..
#รท# #.# ##...##5# #.#
........# #.#
###.###.#####.#
#.....).....#########.
#.###.###.............
#.# #.############


You could see Grinder.

Vanquished Creatures
  A howler monkey (D:4)
  An orc wizard (D:3)
  4 adders
  An adder skeleton (D:4)
  4 worms
  2 dart slugs
  3 leopard geckos
  4 orcs (D:3)
  2 giant cockroaches (D:2)
  3 goblins
  6 hobgoblins
  7 kobolds
  2 quokkas (D:2)
  4 ball pythons
  6 bats
  7 frilled lizards
  A quokka skeleton (D:4)
  6 rats
64 creatures vanquished.

Notes
Turn   | Place    | Note
-------+----------+-------------------------------------------
     0 | D:1      | tmwrnj the Hill Orc Fighter began the quest for the Orb.
     0 | D:1      | Reached XP level 1. HP: 19/19 MP: 1/1
   331 | D:1      | Reached skill level 3 in Axes
   331 | D:1      | Reached XP level 2. HP: 26/27 MP: 2/2
   958 | D:2      | Reached XP level 3. HP: 19/33 MP: 3/3
  1490 | D:2      | Reached XP level 4. HP: 40/40 MP: 4/4
  1816 | D:2      | Found a deep blue altar of Sif Muna.
  2033 | D:3      | Reached skill level 4 in Axes
  2061 | D:3      | Reached XP level 5. HP: 44/46 MP: 5/5
  2141 | D:3      | Reached skill level 1 in Dodging
  2186 | D:3      | Noticed Grinder
  2186 | D:3      | Paralysed by Grinder for 3 turns
  2470 | D:4      | Reached skill level 5 in Axes
  2602 | D:4      | Found a staircase to the Ecumenical Temple.
  2648 | D:4      | Noticed Sigmund
  2764 | D:3      | Paralysed by Grinder for 7 turns
  2772 | D:3      | Paralysed by Grinder for 4 turns
  2779 | D:3      | Killed from afar by Grinder

Skill      XL: |  1  2  3  4  5 |
---------------+----------------+-----
Axes           | 3 4 5 |  5.0
Fighting       | 4 |  4.2
Armour         | 4 |  4.3
Dodging        | 1 |  1.0
Shields        | 4 |  4.0

Action                   |  1- 3 |  4- 6 || total
-------------------------+-------+-------++-------
Melee: War axe           |   117 |   127 ||   244
  Use: Scroll            |       |     2 ||     2
  Eat: Chunk             |     2 |     4 ||     6
Armor: Scale mail        |    63 |    46 ||   109
Dodge: Dodged            |    45 |    39 ||    84
Block: Shield            |    73 |    63 ||   136
